 Dungeon Crawl Stone Soup version 0.25-a0-632-g7713895373 (webtiles) character file.

Game seed: 8896054994112252035, levelgen mode: deterministic

7 Esekla the Magician (level 2, -3/17 HPs)
             Began as an Octopode Wizard on Mar 19, 2020.
             Slain by a kobold
             ... wielding a +1 short sword of protection
              (5 damage)
             ... on level 1 of the Dungeon.
             The game lasted 00:04:10 (508 turns).

Esekla the Magician (Octopode Wizard)                Turns: 508, Time: 00:04:11

Health: -3/17      AC:  1    Str:  6    XL:     2   Next: 4%
Magic:  0/6        EV: 13    Int: 20    God:
Gold:   14         SH:  0    Dex: 10    Spells: 6/7 levels left

rFire    . . .     SeeInvis .   (no weapon)
rCold    . . .     Gourm    .   (no shield)
rNeg     . . .     Faith    .   a - +0 hat
rPois    .         Spirit   .   (no amulet)
rElec    .         Reflect  .   (no ring)
rCorr    .         Harm     .   (no ring)
MR       .....                  (no ring)
Stlth    +++.......             (no ring)
HPRegen  0.05/turn              (no ring)
MPRegen  0.10/turn              (no ring)
                                (no ring)
                                (no ring)

@: no status effects
A: almost no armour, stealthy swim, amphibious, 8 rings, constrict 8, camouflage
1, gelatinous body 1
a: no special abilities


You were on level 1 of the Dungeon.
You were not hungry.

You visited 1 branch of the dungeon, and saw 2 of its levels.

You collected 14 gold pieces.

Inventory:

Armour
 a - a +0 hat (worn)
Scrolls
 b - 2 scrolls of identify {unknown}
 d - a scroll of enchant weapon {unknown}
 e - 2 scrolls of remove curse {unknown}
Comestibles
 c - 3 rations


   Skills:
 * Level 2.0 Dodging
 + Level 2.8 Stealth
 * Level 3.3 Spellcasting
 * Level 1.1 Conjurations
   Level 1.0 Summonings
   Level 1.0 Translocations


You had 6 spell levels left.
You knew the following spells:

 Your Spells              Type           Power        Failure   Level  Hunger
a - Magic Dart            Conj           #...         9%          1    None

Your spell library contained the following spells:

 Spells                   Type           Power        Failure   Level  Hunger
 Blink                    Tloc           N/A          14%         2    ##.....
 Call Imp                 Summ           #.......     14%         2    ##.....
 Slow                     Hex            #.......     22%         2    ##.....
 Conjure Flame            Conj/Fire      #.......     32%         3    ###....
 Mephitic Cloud           Conj/Pois/Air  #.......     34%         3    ###....


Dungeon Overview and Level Annotations

Branches:
Dungeon (2/15)

Altars:


Innate Abilities, Weirdness & Mutations

You cannot wear most types of armour.
You are very stealthy in the water. (Stealth+)
You are amphibious.
You can wear up to eight rings at the same time.
You can use your tentacles to constrict eight enemies at once.
Your skin changes colour to match your surroundings (Stealth+).
Your rubbery body absorbs attacks. (AC +1, EV +1)


Message History

You constrict the kobold, but do no damage.
The kobold hits you but does no damage.
Casting: Magic Dart (safe; 9% risk of failure)
Confirm with . or Enter, or press ? or * to list all spells.
You don't have enough magic to cast that spell.
You barely miss the kobold.
The kobold is moderately wounded.
You constrict the kobold, but do no damage.
The kobold hits you with a +1 short sword of protection.
* * * LOW HITPOINT WARNING * * *
Casting: Magic Dart (safe; 9% risk of failure)
Confirm with . or Enter, or press ? or * to list all spells.
Aiming: Magic Dart (safe; 9% risk of failure)
Press: ? - help, Shift-Dir - straight line, f/p - kobold
Aim: a kobold, wielding a +1 short sword of protection (moderately wounded, constricted by you)
The magic dart hits the kobold but does no damage.
The kobold is moderately wounded.
You constrict the kobold.
The kobold hits you with a +1 short sword of protection.
You die...

#.##..###...######
#.# ...........###
#.# g............#
#.# ...........#.#
#.# .g###...####..
#.# ..###...#.....
#.# ..........####
#.# #.#####.######
#@# #.####.. #K#
#......# #.$...#
######## #.#.#.#
#. #.#...... #. ##
#.# ### #. ... ##
..# # .##


You could see a kobold.

Vanquished Creatures
  A ball python (D:1)
  A goblin (D:1)
  A bat (D:2)
  2 frilled lizards (D:1)
  4 rats (D:1)
9 creatures vanquished.

Notes
Turn   | Place    | Note
-------+----------+-------------------------------------------
     0 | D:1      | Esekla the Octopode Wizard began the quest for the Orb.
     0 | D:1      | Reached XP level 1. HP: 11/11 MP: 4/4
   460 | D:1      | Reached XP level 2. HP: 17/17 MP: 6/6
   508 | D:1      | Slain by a kobold

Levels and vault maps discovered:
D:1:      noname_arrival_rooms_in_the_neighbourhood, layout_loops_ring
D:2:      layout_rooms

Action                   || total
-------------------------++-------
Melee: Unarmed           ||     8
       Constrict         ||     5
 Cast: Magic Dart        ||    18
 Stab: Sleeping          ||     2
Armor: Skin              ||     1
Dodge: Dodged            ||     3

Table legend:
 A = Non-vault XP
 B = Vault XP
 C = Vault XP percentage of total XP
 D = Non-vault monster count
 E = Vault monster count
 F = Vault count percentage of total count
                 A         B        C        D         E       F
            +---------+---------+-------+---------+---------+-------
      Total |      11 |       0 |   0.0 |       9 |       0 |   0.0
            +---------+---------+-------+---------+---------+-------
        D:1 |      10 |       0 |   0.0 |       8 |       0 |   0.0
        D:2 |       1 |       0 |   0.0 |       1 |       0 |   0.0
            +---------+---------+-------+---------+---------+-------
